Mulligans vs Blackdemons (R1)

Created - May 16, 2017 at 19:25

Goals
1 2 3 T
Mulligans 1 3 2 6
Blackdemons 1 1 1 3
Shots
1 2 3 T
Mulligans 8 12 10 30
Blackdemons 9 11 6 26

1st period

1. Mulligans , Drayson Bowman 30 (Chris Neil 58) at 8:43
2. Blackdemons , Patrice Cormier 19 (Igor Makarov 53) at 16:38

Penalties :
Jordan Szwarz (MJM) for Interference (Minor) at 0:45, Matt Niskanen (Rep) for Kneeing (Minor) at 10:18

2nd period

3. Mulligans , Drayson Bowman 31 (Nick Bonino 52) at 1:27 (PP)
4. Mulligans , Nick Bonino 34 (Chris Neil 59) at 2:00
5. Mulligans , Eric Tangradi 31 (Anton Lander 48, Matt Donovan 39) at 5:23
6. Blackdemons , Igor Makarov 47 (Andrew MacDonald 58, Matt Hunwick 44) at 7:08

Penalties :
Steve Oleksy (MJM) for Holding (Minor) at 1:25, Sergei Plotnikov (MJM) for Tripping (Minor) at 2:21, Matt Hunwick (MJM) for Holding Stick (Minor) at 11:23

3rd period

7. Mulligans , Eric Tangradi 32 (Jonathan Tremblay 29, Anton Lander 49) at 6:06 (PP)
8. Mulligans , Sven Baertschi 3 (Tim Schaller 16, Thomas Hickey 28) at 14:45
9. Blackdemons , Scott Wilson 3 (Steve Oleksy 26, Ben Maxwell 23) at 19:44

Penalties :
Chris Neil (Rep) for Hooking (Minor) at 0:25, Igor Makarov (MJM) for Boarding (Minor) at 5:28, Thomas Hickey (Rep) for Goalie Interference (Minor) at 12:31

Goalie Stats

Anders Lindback (Rep), 23 saves from 26 shots - (0.885), W, 33-13-3, 60:00 minutes
Matt Hackett (MJM), 17 saves from 19 shots - (0.895), 34:37 minutes
Sebastien Caron (MJM), 7 saves from 11 shots - (0.636), L, 22-24-2, 25:23 minutes

Players Stats for Mulligans

Player Name              G  A  P  +/- PIM S  H  SB GA TA FO     MP     PP MP  PK MP  
------------------------------------------------------------------------------------
Anton Lander             0  2  2   1  0   1  2  0  1  0  9/15   18:15   3:01   2:07 
Cade Fairchild           0  0  0   1  0   0  1  0  0  0  0/0    14:42   0:00   3:48 
Chris Neil               0  2  2   1  2   1  2  0  0  0  3/3    19:43   3:21   2:03 
Cody Goloubef            0  0  0  -2  0   0  0  0  0  0  0/0    10:06   0:00   2:09 
Darren Dietz             0  0  0  -2  0   0  0  0  0  0  0/0     7:57   0:00   0:00 
Drayson Bowman           2  0  2   1  0   3  1  2  0  0  1/1    17:24   3:21   0:00 
Eric Tangradi            2  0  2   1  0   3  3  0  0  0  0/1    16:40   2:58   0:36 
Jonathan Tremblay        0  1  1   1  0   1  1  0  0  0  0/0    17:13   2:58   1:09 
Joonas Donskoi           0  0  0  -1  0   0  0  0  1  0  0/0    10:57   0:00   0:00 
Logan Shaw               0  0  0   0  0   1  0  0  0  0  2/2     8:33   0:15   0:00 
Matt Beleskey            0  0  0  -1  0   4  2  0  0  1  0/0    11:54   0:18   0:00 
Matt Donovan             0  1  1   1  0   0  0  0  0  0  0/0    14:42   0:00   3:48 
Matt Niskanen            0  0  0   3  2   3  1  2  1  0  0/0    18:17   2:56   0:00 
Matt Taormina            0  0  0  -1  0   3  1  1  0  1  0/0    19:48   3:41   2:09 
Maxime Macenauer         0  0  0  -1  0   2  3  0  0  0  7/14   14:41   0:18   3:04 
Michael Del Zotto        0  0  0  -1  0   1  1  1  2  0  0/0    17:39   3:41   0:00 
Nick Bonino              1  1  2   1  0   2  2  0  0  0  14/25  19:58   3:21   1:33 
Sven Baertschi           1  0  1   0  0   1  0  0  0  0  0/1    10:02   0:00   1:22 
Thomas Hickey            0  1  1   3  2   2  1  1  0  0  0/0    17:33   2:56   0:00 
Tim Schaller             0  1  1   0  0   2  0  1  0  1  0/2     7:56   0:00   0:00 

Players Stats for Blackdemons

Player Name              G  A  P  +/- PIM S  H  SB GA TA FO     MP     PP MP  PK MP  
------------------------------------------------------------------------------------
Andrew MacDonald         0  1  1  -1  0   1  2  4  1  1  0/0    26:15   3:23   4:05 
Ben Maxwell              0  1  1   1  0   2  0  1  0  0  3/4    11:57   0:00   0:00 
Bryan Rust               0  0  0   0  0   0  0  0  0  0  0/0     4:21   0:00   0:00 
Calvin de Haan           0  0  0   0  0   0  0  1  0  0  0/0    10:30   0:00   0:00 
Charles-Olivier Roussel  0  0  0   0  0   1  0  0  0  0  0/0     5:02   0:00   0:00 
Dan Bertram              0  0  0   0  0   0  2  0  0  0  0/0    12:35   0:10   0:00 
Igor Makarov             1  1  2   1  2   7  2  0  0  0  0/0    21:41   3:10   3:07 
Jacob Lagacé             0  0  0  -2  0   0  1  0  1  0  0/1    17:19   2:37   0:00 
Jeffrey Foss             0  0  0   0  0   0  1  1  0  0  0/0    10:46   0:00   0:16 
Jordan Szwarz            0  0  0  -2  2   0  0  1  0  1  0/1    18:26   2:37   0:45 
Jyrki Jokipakka          0  0  0   0  0   0  0  0  0  0  0/0     0:40   0:00   0:40 
Keaton Ellerby           0  0  0  -1  0   0  0  4  1  1  0/0    26:15   3:23   4:05 
Klas Dahlbeck            0  0  0   0  0   0  0  0  0  0  0/0     0:00   0:00   0:00 
Kyle Rau                 0  0  0   0  0   0  0  0  0  0  0/0     2:27   0:00   2:20 
Matt Hunwick             0  1  1   0  2   0  1  1  0  1  0/0    17:28   2:34   1:38 
Max Friberg              0  0  0  -1  0   0  0  0  0  0  0/0     0:38   0:10   0:00 
Nicolas Deschamps        0  0  0   0  0   0  0  0  0  0  0/0     0:00   0:00   0:00 
Noel Acciari             0  0  0  -1  0   0  1  0  0  0  2/3     3:19   0:10   0:46 
Oscar Klefbom            0  0  0   0  0   0  0  0  0  0  0/0     5:02   0:00   0:00 
Patrice Cormier          1  0  1   1  0   4  1  1  0  0  17/41  25:10   3:10   3:43 
Scott Timmins            0  0  0   0  0   0  0  0  0  0  1/1     4:21   0:00   0:00 
Scott Wilson             1  0  1   1  0   1  1  0  0  1  0/0    12:56   0:00   0:43 
Sergei Plotnikov         0  0  0   1  2   3  2  1  0  0  0/1    20:41   3:10   1:50 
Steve Oleksy             0  1  1   0  2   4  1  2  0  0  0/0    18:10   2:34   2:30 
Steven Zalewski          0  0  0  -2  0   3  2  0  0  0  5/12   17:19   2:37   0:00 

3 Stars

1 - Eric Tangradi (Rep)
2 - Drayson Bowman (Rep)
3 - Nick Bonino (Rep)

Power Play

Mulligans - 2 on 5 Attempt(s) - 40.00%
Blackdemons - 0 on 3 Attempt(s) - 0.00%

Penalty Kill

Mulligans - 3 on 3 Attempt(s) - 100.00% - Score 0 goal in Penalty Kill
Blackdemons - 3 on 5 Attempt(s) - 60.00% - Score 0 goal in Penalty Kill

Team Stat

Mulligans - Hits : 21 - Faceoff Wins : 36 - Blocked Shots : 8 - Penalty Minutes : 6
Blackdemons - Hits : 17 - Faceoff Wins : 28 - Blocked Shots : 17 - Penalty Minutes : 10

Official

Referees : Rehman Kyle and Leggo Mike
Linesman : Bryan Pancich and David Brisebois

Game Notes

Matt Hackett enters game at 5:23 of 2nd period

Finance

Level 1 -- Attendance: 1577 (78.85%) -- Ticket Income $63,080
Level 2 -- Attendance: 702 (70.20%) -- Ticket Income $14,040
Total Attendance: 2279 (75.97%)
Total Ticket Income: $77,120
Other Income: $3,856
Total Income: $80,976

Mulligans

5 vs 5 Forward 
   Center                   Left Wing                Right Wing               Time % Phy DF OF 
 1 Nick Bonino              Drayson Bowman           Chris Neil               32     0   2  3  
 2 Anton Lander             Eric Tangradi            Jonathan Tremblay        28     1   2  2  
 3 Maxime Macenauer         Matt Beleskey            Joonas Donskoi           24     0   2  3  
 4 Tim Schaller             Sven Baertschi           Logan Shaw               16     1   2  2  

5 vs 5 Defense 
   Defense                  Defense                                           Time % Phy DF OF 
 1 Matt Taormina            Michael Del Zotto                                 30     1   2  2  
 2 Thomas Hickey            Matt Niskanen                                     30     1   2  2  
 3 Cade Fairchild           Matt Donovan                                      22     1   2  2  
 4 Darren Dietz             Cody Goloubef                                     18     1   3  1  

PowerPlay Forward 
   Center                   Left Wing                Right Wing               Time % Phy DF OF 
 1 Nick Bonino              Drayson Bowman           Chris Neil               60     0   1  4  
 2 Anton Lander             Eric Tangradi            Jonathan Tremblay        40     0   1  4  

PowerPlay Defense
   Defense                  Defense                                           Time % Phy DF OF 
 1 Matt Taormina            Michael Del Zotto                                 55     0   2  3  
 2 Thomas Hickey            Matt Niskanen                                     45     0   2  3  

Penalty Kill 4 Players Forward 
   Center                   Wing                     Time % Phy DF OF 
 1 Maxime Macenauer         Chris Neil               60     0   4  1  
 2 Anton Lander             Jonathan Tremblay        40     0   4  1  

Penalty Kill 4 Players Defense
   Defense                  Defense                  Time % Phy DF OF 
 1 Matt Donovan             Cade Fairchild           60     1   4  0  
 2 Matt Taormina            Cody Goloubef            40     1   4  0  

Penalty Kill - 3 Players Forward 
   Forward                                           Time % Phy DF OF 
 1 Maxime Macenauer                                  60     1   4  0  
 2 Anton Lander                                      40     1   4  0  

Penalty Kill - 3 Players Defense
   Defense                  Defense                  Time % Phy DF OF 
 1 Matt Donovan             Cade Fairchild           60     1   4  0  
 2 Cody Goloubef            Matt Taormina            40     1   4  0  

4 vs 4 Forward 
   Center                   Wing                     Time % Phy DF OF 
 1 Nick Bonino              Drayson Bowman           60     0   2  3  
 2 Anton Lander             Eric Tangradi            40     1   2  2  

4 vs 4 Defense
   Defense                  Defense                  Time % Phy DF OF 
 1 Matt Taormina            Michael Del Zotto        60     1   2  2  
 2 Thomas Hickey            Matt Niskanen            40     1   2  2  

Last Minutes Offensive
   Center                   Left Wing                Right Wing               Defense                  Defense                  
   Nick Bonino              Drayson Bowman           Chris Neil               Matt Taormina            Michael Del Zotto        

Last Minutes Defensive
   Center                   Left Wing                Right Wing               Defense                  Defense                  
   Anton Lander             Eric Tangradi            Jonathan Tremblay        Matt Niskanen            Matt Taormina            

Goaltenders
Starting : Anders Lindback          
Backup : Calvin Pickard           

Extra Forwards
Normal : Logan Shaw, Matt Beleskey, Joonas Donskoi - PP : Maxime Macenauer, Matt Beleskey - PK : Nick Bonino
Extra Defensemen
Normal : Cody Goloubef, Matt Donovan, Cade Fairchild - PP : Matt Donovan - PK : Thomas Hickey, Matt Niskanen
Penalty Shots
Chris Neil, Maxime Macenauer, Nick Bonino, Matt Taormina, Matt Beleskey

Scratches
Denis Arkhipov (Healthy), Reid Boucher (Healthy), Michael Chaput (Healthy), Gord Baldwin (Healthy), Jan Hlavac (Healthy)
Nick Shore (Healthy), Oliver Lauridsen (Healthy), Justin Shugg (Healthy), Mario Lucia (Healthy), Adam Lowry (Healthy)
Austin Madaisky (Healthy), Matt Bartkowski (Healthy), Igor Bobkov (Healthy)

Blackdemons

5 vs 5 Forward 
   Center                   Left Wing                Right Wing               Time % Phy DF OF 
 1 Patrice Cormier          Sergei Plotnikov         Igor Makarov             40     1   2  2  
 2 Steven Zalewski          Jacob Lagacé             Jordan Szwarz            30     1   2  2  
 3 Ben Maxwell              Scott Wilson             Dan Bertram              20     1   2  2  
 4 Scott Timmins            Patrice Cormier          Bryan Rust               10     1   2  2  

5 vs 5 Defense 
   Defense                  Defense                                           Time % Phy DF OF 
 1 Keaton Ellerby           Andrew MacDonald                                  40     1   2  2  
 2 Matt Hunwick             Steve Oleksy                                      30     1   2  2  
 3 Jeffrey Foss             Calvin de Haan                                    20     1   2  2  
 4 Oscar Klefbom            Charles-Olivier Roussel                           10     1   2  2  

PowerPlay Forward 
   Center                   Left Wing                Right Wing               Time % Phy DF OF 
 1 Patrice Cormier          Sergei Plotnikov         Igor Makarov             60     1   2  2  
 2 Steven Zalewski          Jacob Lagacé             Jordan Szwarz            40     1   2  2  

PowerPlay Defense
   Defense                  Defense                                           Time % Phy DF OF 
 1 Keaton Ellerby           Andrew MacDonald                                  60     1   2  2  
 2 Matt Hunwick             Steve Oleksy                                      40     1   2  2  

Penalty Kill 4 Players Forward 
   Center                   Wing                     Time % Phy DF OF 
 1 Patrice Cormier          Igor Makarov             60     1   2  2  
 2 Sergei Plotnikov         Jordan Szwarz            40     1   2  2  

Penalty Kill 4 Players Defense
   Defense                  Defense                  Time % Phy DF OF 
 1 Keaton Ellerby           Andrew MacDonald         60     1   2  2  
 2 Matt Hunwick             Steve Oleksy             40     1   2  2  

Penalty Kill - 3 Players Forward 
   Forward                                           Time % Phy DF OF 
 1 Patrice Cormier                                   60     1   2  2  
 2 Igor Makarov                                      40     1   2  2  

Penalty Kill - 3 Players Defense
   Defense                  Defense                  Time % Phy DF OF 
 1 Keaton Ellerby           Andrew MacDonald         60     1   2  2  
 2 Matt Hunwick             Steve Oleksy             40     1   2  2  

4 vs 4 Forward 
   Center                   Wing                     Time % Phy DF OF 
 1 Patrice Cormier          Igor Makarov             60     1   2  2  
 2 Sergei Plotnikov         Jordan Szwarz            40     1   2  2  

4 vs 4 Defense
   Defense                  Defense                  Time % Phy DF OF 
 1 Keaton Ellerby           Andrew MacDonald         60     1   2  2  
 2 Matt Hunwick             Steve Oleksy             40     1   2  2  

Last Minutes Offensive
   Center                   Left Wing                Right Wing               Defense                  Defense                  
   Patrice Cormier          Sergei Plotnikov         Igor Makarov             Keaton Ellerby           Andrew MacDonald         

Last Minutes Defensive
   Center                   Left Wing                Right Wing               Defense                  Defense                  
   Patrice Cormier          Sergei Plotnikov         Igor Makarov             Keaton Ellerby           Andrew MacDonald         

Goaltenders
Starting : Sebastien Caron          
Backup : Matt Hackett             

Extra Forwards
Normal : Noel Acciari, Max Friberg, Kyle Rau - PP : Noel Acciari, Max Friberg - PK : Kyle Rau
Extra Defensemen
Normal : Klas Dahlbeck, Jyrki Jokipakka, Jeffrey Foss - PP : Klas Dahlbeck - PK : Jyrki Jokipakka, Jeffrey Foss
Penalty Shots
Patrice Cormier, Igor Makarov, Sergei Plotnikov, Jordan Szwarz, Steven Zalewski

Scratches
Blake Pietila (Fractured Bone in Right Hand Injury), Reece Scarlett (Healthy), Sami Aittokallio (Healthy)

% Time on Ice - Mulligans

Lines # - Real PCT - Wanted PCT - Time Play
Normal Forward
1 - 33% - 32% - 15:27
2 - 28% - 28% - 13:06
3 - 23% - 24% - 10:57
4 - 17% - 16% - 7:56
Normal Defense
1 - 31% - 30% - 14:52
2 - 31% - 30% - 14:37
3 - 21% - 22% - 10:00
4 - 17% - 18% - 7:57
PP Forward
1 - 54% - 60% - 3:36
2 - 46% - 40% - 3:01
PP Defense
1 - 56% - 55% - 3:41
2 - 44% - 45% - 2:56
PK Forward
1 - 81% - 60% - 4:48
2 - 19% - 40% - 1:09
PK Defense
1 - 64% - 60% - 3:48
2 - 36% - 40% - 2:09
PK3 Forward
1 - 0% - 60%
2 - 0% - 40%
PK3 Defense
1 - 0% - 60%
2 - 0% - 40%
44 Forward
1 - 0% - 60%
2 - 0% - 40%
44 Defense
1 - 0% - 60%
2 - 0% - 40%
Last Minute Offensive  - 0:00
Last Minute Defensive  - 0:00
Total
Forward - 60:00
Defense - 60:00

% Time on Ice - Blackdemons

Lines # - Real PCT - Wanted PCT - Time Play
Normal Forward
1 - 34% - 40% - 16:03
2 - 32% - 30% - 15:05
3 - 25% - 20% - 11:57
4 - 9% - 10% - 4:21
Normal Defense
1 - 40% - 40% - 18:47
2 - 28% - 30% - 13:07
3 - 22% - 20% - 10:30
4 - 11% - 10% - 5:02
PP Forward
1 - 56% - 60% - 3:20
2 - 44% - 40% - 2:37
PP Defense
1 - 57% - 60% - 3:23
2 - 43% - 40% - 2:34
PK Forward
1 - 75% - 60% - 4:58
2 - 25% - 40% - 1:39
PK Defense
1 - 62% - 60% - 4:05
2 - 38% - 40% - 2:32
PK3 Forward
1 - 0% - 60%
2 - 0% - 40%
PK3 Defense
1 - 0% - 60%
2 - 0% - 40%
44 Forward
1 - 0% - 60%
2 - 0% - 40%
44 Defense
1 - 0% - 60%
2 - 0% - 40%
Last Minute Offensive  - 0:00
Last Minute Defensive  - 0:00
Total
Forward - 60:00
Defense - 60:00

Play by Play

1st period


0:01 of 1st period - Nick Bonino wins face-off versus Patrice Cormier in neutral zone.
0:26 of 1st period - Steven Zalewski is hit by Michael Del Zotto and loses puck.
0:45 of 1st period - Minor Penalty to Jordan Szwarz for Interference.
0:46 of 1st period - Patrice Cormier wins face-off versus Nick Bonino in Blackdemons zone.
0:46 of 1st period - Patrice Cormier is hit by Chris Neil.
0:56 of 1st period - Igor Makarov is hit by Nick Bonino and loses puck.
2:45 of 1st period - Penalty to Jordan Szwarz is over, Jordan Szwarz is back on ice.
2:46 of 1st period - Slapshot by Matt Beleskey.
2:46 of 1st period - Stopped by Sebastien Caron with a rebound.
3:05 of 1st period - Off-side.
3:06 of 1st period - Logan Shaw wins face-off versus Jordan Szwarz in neutral zone.
3:08 of 1st period - Matt Niskanen is hit by Steve Oleksy and loses puck.
3:57 of 1st period - Jonathan Tremblay is hit by Jeffrey Foss and loses puck.
4:59 of 1st period - Wrist shot by Jonathan Tremblay.
4:59 of 1st period - Shot Misses the Net.
5:01 of 1st period - Snap shot by Eric Tangradi.
5:01 of 1st period - Shot Blocked by Calvin de Haan.
5:51 of 1st period - Off-side.
5:52 of 1st period - Chris Neil wins face-off versus Patrice Cormier in neutral zone.
5:54 of 1st period - Off-side.
5:55 of 1st period - Patrice Cormier wins face-off versus Nick Bonino in neutral zone.
6:04 of 1st period - Snap shot by Igor Makarov.
6:04 of 1st period - Deflect By Sergei Plotnikov.
6:04 of 1st period - Stopped by Anders Lindback without a rebound.
6:05 of 1st period - Maxime Macenauer wins face-off versus Patrice Cormier in Mulligans zone.
6:05 of 1st period - Maxime Macenauer is hit by Sergei Plotnikov.
6:15 of 1st period - Wrist shot by Maxime Macenauer.
6:15 of 1st period - Stopped by Sebastien Caron with a rebound.
6:38 of 1st period - Snap shot by Igor Makarov.
6:38 of 1st period - Deflect By Sergei Plotnikov.
6:38 of 1st period - Stopped by Anders Lindback with a rebound.
6:40 of 1st period - Snap shot by Igor Makarov.
6:40 of 1st period - Shot Misses the Net.
6:52 of 1st period - Snap shot by Igor Makarov.
6:52 of 1st period - Stopped by Anders Lindback with a rebound.
6:54 of 1st period - Slapshot by Steve Oleksy.
6:54 of 1st period - Stopped by Anders Lindback with a rebound.
7:00 of 1st period - Snap shot by Igor Makarov.
7:00 of 1st period - Stopped by Anders Lindback without a rebound.
7:01 of 1st period - Nick Bonino wins face-off versus Jacob Lagacé in Mulligans zone.
7:26 of 1st period - Jordan Szwarz is hit by Maxime Macenauer and loses puck.
7:37 of 1st period - Snap shot by Jordan Szwarz.
7:37 of 1st period - Deflect By Jacob Lagacé.
7:37 of 1st period - Shot Misses the Net.
7:37 of 1st period - Puck is out of play.
7:38 of 1st period - Scott Timmins wins face-off versus Nick Bonino in Mulligans zone.
7:59 of 1st period - Snap shot by Maxime Macenauer.
7:59 of 1st period - Shot Misses the Net.
8:01 of 1st period - Slapshot by Matt Niskanen.
8:01 of 1st period - Shot Blocked by Keaton Ellerby.
8:03 of 1st period - Wrist shot by Maxime Macenauer.
8:03 of 1st period - Stopped by Sebastien Caron without a rebound.
8:04 of 1st period - Maxime Macenauer wins face-off versus Steven Zalewski in Blackdemons zone.
8:07 of 1st period - Slapshot by Maxime Macenauer.
8:07 of 1st period - Shot Misses the Net.
8:23 of 1st period - Snap shot by Chris Neil.
8:23 of 1st period - Stopped by Sebastien Caron without a rebound.
8:24 of 1st period - Patrice Cormier wins face-off versus Nick Bonino in Blackdemons zone.
8:43 of 1st period - Wrist shot by Drayson Bowman.
8:43 of 1st period - Goal by Drayson Bowman - Mulligans : 1 - Blackdemons : 0.
8:44 of 1st period - Maxime Macenauer wins face-off versus Patrice Cormier in neutral zone.
9:32 of 1st period - Slapshot by Matt Hunwick.
9:32 of 1st period - Shot Blocked by Matt Taormina.
9:34 of 1st period - Slapshot by Charles-Olivier Roussel.
9:34 of 1st period - Shot Blocked by Tim Schaller.
9:36 of 1st period - Slapshot by Charles-Olivier Roussel.
9:36 of 1st period - Shot Misses the Net.
9:38 of 1st period - Slapshot by Charles-Olivier Roussel.
9:38 of 1st period - Deflect By Michael Del Zotto.
9:38 of 1st period - Stopped by Anders Lindback without a rebound.
9:39 of 1st period - Nick Bonino wins face-off versus Patrice Cormier in Mulligans zone.
9:50 of 1st period - Wrist shot by Igor Makarov.
9:50 of 1st period - Shot Blocked by Matt Niskanen.
9:52 of 1st period - Snap shot by Patrice Cormier.
9:52 of 1st period - Stopped by Anders Lindback with a rebound.
9:54 of 1st period - Wrist shot by Igor Makarov.
9:54 of 1st period - Shot Blocked by Drayson Bowman.
10:18 of 1st period - Minor Penalty to Matt Niskanen for Kneeing.
10:19 of 1st period - Maxime Macenauer wins face-off versus Patrice Cormier in Mulligans zone.
10:32 of 1st period - Chris Neil is hit by Igor Makarov and loses puck.
12:06 of 1st period - Chris Neil is hit by Matt Hunwick and loses puck.
12:18 of 1st period - Penalty to Matt Niskanen is over, Matt Niskanen is back on ice.
12:57 of 1st period - Wrist shot by Jordan Szwarz.
12:57 of 1st period - Shot Misses the Net.
13:02 of 1st period - Off-side.
13:03 of 1st period - Ben Maxwell wins face-off versus Anton Lander in neutral zone.
13:45 of 1st period - Wrist shot by Patrice Cormier.
13:45 of 1st period - Stopped by Anders Lindback with a rebound.
14:21 of 1st period - Snap shot by Tim Schaller.
14:21 of 1st period - Deflect By Igor Makarov.
14:21 of 1st period - Shot Blocked by Andrew MacDonald.
14:21 of 1st period - Puck is out of play.
14:22 of 1st period - Noel Acciari wins face-off versus Sven Baertschi in Blackdemons zone.
14:35 of 1st period - Slapshot by Matt Niskanen.
14:35 of 1st period - Stopped by Sebastien Caron with a rebound.
14:37 of 1st period - Snap shot by Thomas Hickey.
14:37 of 1st period - Stopped by Sebastien Caron without a rebound.
14:38 of 1st period - Maxime Macenauer wins face-off versus Patrice Cormier in Blackdemons zone.
14:49 of 1st period - Wrist shot by Patrice Cormier.
14:49 of 1st period - Shot Misses the Net.
15:28 of 1st period - Steve Oleksy is hit by Thomas Hickey and loses puck.
16:07 of 1st period - Snap shot by Maxime Macenauer.
16:07 of 1st period - Shot Blocked by Jordan Szwarz.
16:09 of 1st period - Snap shot by Maxime Macenauer.
16:09 of 1st period - Shot Misses the Net.
16:25 of 1st period - Snap shot by Nick Bonino.
16:25 of 1st period - Stopped by Sebastien Caron without a rebound.
16:26 of 1st period - Patrice Cormier wins face-off versus Nick Bonino in Blackdemons zone.
16:31 of 1st period - Drayson Bowman is hit by Andrew MacDonald and loses puck.
16:38 of 1st period - Wrist shot by Patrice Cormier.
16:38 of 1st period - Goal by Patrice Cormier - Mulligans : 1 - Blackdemons : 1.
16:39 of 1st period - Patrice Cormier wins face-off versus Anton Lander in neutral zone.
17:05 of 1st period - Drayson Bowman is hit by Andrew MacDonald and loses puck.
17:47 of 1st period - Michael Del Zotto is hit by Igor Makarov and loses puck.
19:42 of 1st period - Wrist shot by Nick Bonino.
19:42 of 1st period - Shot Misses the Net.
19:44 of 1st period - Snap shot by Drayson Bowman.
19:44 of 1st period - Deflect By Nick Bonino.
19:44 of 1st period - Shot Misses the Net.
19:44 of 1st period - Puck is out of play.
19:45 of 1st period - Steven Zalewski wins face-off versus Nick Bonino in Blackdemons zone.
Goals for this period are 1 for Mulligans vs 1 for Blackdemons.
Shots for this period are 8 for Mulligans vs 9 for Blackdemons.

2nd period


0:01 of 2nd period - Anton Lander wins face-off versus Patrice Cormier in neutral zone.
0:03 of 2nd period - Off-side.
0:04 of 2nd period - Anton Lander wins face-off versus Patrice Cormier in neutral zone.
0:07 of 2nd period - Igor Makarov is hit by Eric Tangradi.
1:25 of 2nd period - Minor Penalty to Steve Oleksy for Holding.
1:26 of 2nd period - Nick Bonino wins face-off versus Patrice Cormier in Blackdemons zone.
1:27 of 2nd period - Slapshot by Drayson Bowman.
1:27 of 2nd period - Goal by Drayson Bowman - Mulligans : 2 - Blackdemons : 1.
1:28 of 2nd period - Anton Lander wins face-off versus Patrice Cormier in neutral zone.
1:55 of 2nd period - Matt Hunwick is hit by Chris Neil and loses puck.
2:00 of 2nd period - Snap shot by Nick Bonino.
2:00 of 2nd period - Goal by Nick Bonino - Mulligans : 3 - Blackdemons : 1.
2:01 of 2nd period - Patrice Cormier wins face-off versus Maxime Macenauer in neutral zone.
2:21 of 2nd period - Minor Penalty to Sergei Plotnikov for Tripping.
2:22 of 2nd period - Patrice Cormier wins face-off versus Nick Bonino in Blackdemons zone.
2:56 of 2nd period - Wrist shot by Jonathan Tremblay.
2:56 of 2nd period - Shot Misses the Net.
2:58 of 2nd period - Slapshot by Matt Taormina.
2:58 of 2nd period - Shot Misses the Net.
3:51 of 2nd period - Icing by Michael Del Zotto.
3:52 of 2nd period - Nick Bonino wins face-off versus Noel Acciari in Mulligans zone.
4:21 of 2nd period - Penalty to Sergei Plotnikov is over, Sergei Plotnikov is back on ice.
4:41 of 2nd period - Slapshot by Steve Oleksy.
4:41 of 2nd period - Deflect By Thomas Hickey.
4:41 of 2nd period - Stopped by Anders Lindback without a rebound.
4:42 of 2nd period - Logan Shaw wins face-off versus Steven Zalewski in Mulligans zone.
4:53 of 2nd period - Snap shot by Steven Zalewski.
4:53 of 2nd period - Stopped by Anders Lindback with a rebound.
4:55 of 2nd period - Slapshot by Steve Oleksy.
4:55 of 2nd period - Deflect By Matt Taormina.
4:55 of 2nd period - Stopped by Anders Lindback without a rebound.
4:56 of 2nd period - Nick Bonino wins face-off versus Patrice Cormier in Mulligans zone.
5:01 of 2nd period - Snap shot by Patrice Cormier.
5:01 of 2nd period - Shot Misses the Net.
5:06 of 2nd period - Off-side.
5:07 of 2nd period - Patrice Cormier wins face-off versus Anton Lander in neutral zone.
5:09 of 2nd period - Andrew MacDonald is hit by Cade Fairchild and loses puck.
5:16 of 2nd period - Igor Makarov is hit by Anton Lander and loses puck.
5:21 of 2nd period - Snap shot by Anton Lander.
5:21 of 2nd period - Shot Blocked by Andrew MacDonald.
5:23 of 2nd period - Snap shot by Eric Tangradi.
5:23 of 2nd period - Goal by Eric Tangradi - Mulligans : 4 - Blackdemons : 1.
5:23 of 2nd period - Matt Hackett enters game.
5:24 of 2nd period - Nick Bonino wins face-off versus Patrice Cormier in neutral zone.
5:36 of 2nd period - Off-side.
5:37 of 2nd period - Patrice Cormier wins face-off versus Nick Bonino in neutral zone.
5:42 of 2nd period - Slapshot by Andrew MacDonald.
5:42 of 2nd period - Stopped by Anders Lindback with a rebound.
5:44 of 2nd period - Wrist shot by Andrew MacDonald.
5:44 of 2nd period - Deflect By Igor Makarov.
5:44 of 2nd period - Stopped by Anders Lindback with a rebound.
5:46 of 2nd period - Slapshot by Andrew MacDonald.
5:46 of 2nd period - Shot Misses the Net.
5:48 of 2nd period - Wrist shot by Sergei Plotnikov.
5:48 of 2nd period - Shot Blocked by Thomas Hickey.
5:52 of 2nd period - Wrist shot by Igor Makarov.
5:52 of 2nd period - Stopped by Anders Lindback with a rebound.
6:02 of 2nd period - Steven Zalewski is hit by Eric Tangradi and loses puck.
6:09 of 2nd period - Wrist shot by Eric Tangradi.
6:09 of 2nd period - Shot Blocked by Steve Oleksy.
6:31 of 2nd period - Maxime Macenauer is hit by Scott Wilson and loses puck.
6:52 of 2nd period - Slapshot by Matt Hunwick.
6:52 of 2nd period - Shot Misses the Net.
7:08 of 2nd period - Snap shot by Igor Makarov.
7:08 of 2nd period - Goal by Igor Makarov - Mulligans : 4 - Blackdemons : 2.
7:09 of 2nd period - Anton Lander wins face-off versus Patrice Cormier in neutral zone.
7:14 of 2nd period - Slapshot by Anton Lander.
7:14 of 2nd period - Stopped by Matt Hackett with a rebound.
7:17 of 2nd period - Icing by Igor Makarov.
7:18 of 2nd period - Patrice Cormier wins face-off versus Anton Lander in Blackdemons zone.
7:29 of 2nd period - Snap shot by Patrice Cormier.
7:29 of 2nd period - Stopped by Anders Lindback with a rebound.
7:31 of 2nd period - Wrist shot by Sergei Plotnikov.
7:31 of 2nd period - Shot Misses the Net.
7:33 of 2nd period - Slapshot by Patrice Cormier.
7:33 of 2nd period - Shot Hit the Post.
7:35 of 2nd period - Wrist shot by Sergei Plotnikov.
7:35 of 2nd period - Stopped by Anders Lindback without a rebound.
7:36 of 2nd period - Steven Zalewski wins face-off versus Nick Bonino in Mulligans zone.
7:37 of 2nd period - Snap shot by Jordan Szwarz.
7:37 of 2nd period - Deflect By Matt Donovan.
7:37 of 2nd period - Shot Misses the Net.
7:37 of 2nd period - Puck is out of play.
7:38 of 2nd period - Nick Bonino wins face-off versus Steven Zalewski in Mulligans zone.
7:54 of 2nd period - Steve Oleksy is hit by Nick Bonino and loses puck.
8:07 of 2nd period - Snap shot by Eric Tangradi.
8:07 of 2nd period - Shot Misses the Net.
8:09 of 2nd period - Wrist shot by Eric Tangradi.
8:09 of 2nd period - Shot Misses the Net.
8:11 of 2nd period - Snap shot by Cade Fairchild.
8:11 of 2nd period - Deflect By Anton Lander.
8:11 of 2nd period - Shot Misses the Net.
8:11 of 2nd period - Puck is out of play.
8:12 of 2nd period - Patrice Cormier wins face-off versus Maxime Macenauer in Blackdemons zone.
8:12 of 2nd period - Patrice Cormier is hit by Matt Beleskey.
8:18 of 2nd period - Slapshot by Michael Del Zotto.
8:18 of 2nd period - Shot Blocked by Andrew MacDonald.
8:26 of 2nd period - Slapshot by Michael Del Zotto.
8:26 of 2nd period - Deflect By Matt Beleskey.
8:26 of 2nd period - Stopped by Matt Hackett with a rebound.
8:28 of 2nd period - Wrist shot by Maxime Macenauer.
8:28 of 2nd period - Shot Misses the Net.
8:43 of 2nd period - Wrist shot by Drayson Bowman.
8:43 of 2nd period - Stopped by Matt Hackett with a rebound.
8:45 of 2nd period - Slapshot by Darren Dietz.
8:45 of 2nd period - Shot Blocked by Andrew MacDonald.
8:47 of 2nd period - Slapshot by Cody Goloubef.
8:47 of 2nd period - Shot Blocked by Keaton Ellerby.
9:26 of 2nd period - Snap shot by Jonathan Tremblay.
9:26 of 2nd period - Stopped by Matt Hackett without a rebound.
9:27 of 2nd period - Chris Neil wins face-off versus Steven Zalewski in Blackdemons zone.
9:28 of 2nd period - Wrist shot by Nick Bonino.
9:28 of 2nd period - Shot Misses the Net.
9:30 of 2nd period - Slapshot by Thomas Hickey.
9:30 of 2nd period - Deflect By Nick Bonino.
9:30 of 2nd period - Shot Blocked by Jeffrey Foss.
9:30 of 2nd period - Puck is out of play.
9:31 of 2nd period - Nick Bonino wins face-off versus Steven Zalewski in Blackdemons zone.
9:40 of 2nd period - Slapshot by Steven Zalewski.
9:40 of 2nd period - Shot Blocked by Drayson Bowman.
10:25 of 2nd period - Slapshot by Andrew MacDonald.
10:25 of 2nd period - Shot Blocked by Matt Niskanen.
10:27 of 2nd period - Snap shot by Ben Maxwell.
10:27 of 2nd period - Stopped by Anders Lindback without a rebound.
10:28 of 2nd period - Nick Bonino wins face-off versus Steven Zalewski in Mulligans zone.
10:55 of 2nd period - Snap shot by Matt Beleskey.
10:55 of 2nd period - Stopped by Matt Hackett without a rebound.
10:56 of 2nd period - Patrice Cormier wins face-off versus Maxime Macenauer in Blackdemons zone.
10:56 of 2nd period - Patrice Cormier is hit by Maxime Macenauer.
11:01 of 2nd period - Off-side.
11:02 of 2nd period - Patrice Cormier wins face-off versus Anton Lander in neutral zone.
11:23 of 2nd period - Minor Penalty to Matt Hunwick for Holding Stick.
11:24 of 2nd period - Chris Neil wins face-off versus Patrice Cormier in Blackdemons zone.
13:20 of 2nd period - Snap shot by Matt Beleskey.
13:20 of 2nd period - Shot Misses the Net.
13:22 of 2nd period - Snap shot by Logan Shaw.
13:22 of 2nd period - Shot Blocked by Keaton Ellerby.
13:23 of 2nd period - Penalty to Matt Hunwick is over, Matt Hunwick is back on ice.
14:00 of 2nd period - Snap shot by Maxime Macenauer.
14:00 of 2nd period - Shot Misses the Net.
14:02 of 2nd period - Slapshot by Matt Donovan.
14:02 of 2nd period - Shot Blocked by Ben Maxwell.
14:30 of 2nd period - Jacob Lagacé is hit by Matt Beleskey and loses puck.
14:50 of 2nd period - Off-side.
14:51 of 2nd period - Steven Zalewski wins face-off versus Tim Schaller in neutral zone.
15:17 of 2nd period - Slapshot by Michael Del Zotto.
15:17 of 2nd period - Deflect By Igor Makarov.
15:17 of 2nd period - Stopped by Matt Hackett with a rebound.
15:21 of 2nd period - Wrist shot by Nick Bonino.
15:21 of 2nd period - Shot Blocked by Matt Hunwick.
15:23 of 2nd period - Slapshot by Matt Taormina.
15:23 of 2nd period - Shot Blocked by Patrice Cormier.
15:25 of 2nd period - Slapshot by Matt Taormina.
15:25 of 2nd period - Deflect By Patrice Cormier.
15:25 of 2nd period - Stopped by Matt Hackett without a rebound.
15:26 of 2nd period - Maxime Macenauer wins face-off versus Ben Maxwell in Blackdemons zone.
15:41 of 2nd period - Snap shot by Ben Maxwell.
15:41 of 2nd period - Stopped by Anders Lindback with a rebound.
16:15 of 2nd period - Eric Tangradi is hit by Steven Zalewski and loses puck.
17:39 of 2nd period - Igor Makarov is hit by Eric Tangradi and loses puck.
17:44 of 2nd period - Snap shot by Eric Tangradi.
17:44 of 2nd period - Stopped by Matt Hackett without a rebound.
17:45 of 2nd period - Ben Maxwell wins face-off versus Maxime Macenauer in Blackdemons zone.
18:33 of 2nd period - Sergei Plotnikov is hit by Anton Lander and loses puck.
18:53 of 2nd period - Slapshot by Andrew MacDonald.
18:53 of 2nd period - Shot Misses the Net.
19:22 of 2nd period - Wrist shot by Nick Bonino.
19:22 of 2nd period - Shot Misses the Net.
19:24 of 2nd period - Snap shot by Chris Neil.
19:24 of 2nd period - Shot Misses the Net.
19:36 of 2nd period - Wrist shot by Maxime Macenauer.
19:36 of 2nd period - Shot Misses the Net.
19:38 of 2nd period - Snap shot by Matt Beleskey.
19:38 of 2nd period - Stopped by Matt Hackett without a rebound.
19:39 of 2nd period - Steven Zalewski wins face-off versus Anton Lander in Blackdemons zone.
19:53 of 2nd period - Jacob Lagacé is hit by Jonathan Tremblay and loses puck.
Goals for this period are 3 for Mulligans vs 1 for Blackdemons.
Shots for this period are 12 for Mulligans vs 11 for Blackdemons.

3rd period


0:01 of 3rd period - Nick Bonino wins face-off versus Patrice Cormier in neutral zone.
0:03 of 3rd period - Off-side.
0:04 of 3rd period - Nick Bonino wins face-off versus Patrice Cormier in neutral zone.
0:07 of 3rd period - Backhand shot by Matt Taormina.
0:07 of 3rd period - Stopped by Matt Hackett with a rebound.
0:12 of 3rd period - Keaton Ellerby is hit by Matt Taormina and loses puck.
0:25 of 3rd period - Minor Penalty to Chris Neil for Hooking.
0:26 of 3rd period - Maxime Macenauer wins face-off versus Patrice Cormier in Mulligans zone.
0:53 of 3rd period - Keaton Ellerby is hit by Maxime Macenauer.
2:25 of 3rd period - Penalty to Chris Neil is over, Chris Neil is back on ice.
3:57 of 3rd period - Backhand shot by Matt Taormina.
3:57 of 3rd period - Shot Hit the Post.
4:15 of 3rd period - Snap shot by Tim Schaller.
4:15 of 3rd period - Stopped by Matt Hackett with a rebound.
5:10 of 3rd period - Tim Schaller is hit by Noel Acciari and loses puck.
5:14 of 3rd period - Icing by Tim Schaller.
5:15 of 3rd period - Noel Acciari wins face-off versus Tim Schaller in Mulligans zone.
5:28 of 3rd period - Minor Penalty to Igor Makarov for Boarding.
5:29 of 3rd period - Drayson Bowman wins face-off versus Patrice Cormier in Blackdemons zone.
5:56 of 3rd period - Slapshot by Matt Niskanen.
5:56 of 3rd period - Shot Blocked by Keaton Ellerby.
5:58 of 3rd period - Slapshot by Matt Niskanen.
5:58 of 3rd period - Stopped by Matt Hackett without a rebound.
5:59 of 3rd period - Anton Lander wins face-off versus Patrice Cormier in Blackdemons zone.
6:04 of 3rd period - Slapshot by Jonathan Tremblay.
6:04 of 3rd period - Shot Blocked by Steve Oleksy.
6:06 of 3rd period - Snap shot by Eric Tangradi.
6:06 of 3rd period - Goal by Eric Tangradi - Mulligans : 5 - Blackdemons : 2.
6:07 of 3rd period - Anton Lander wins face-off versus Patrice Cormier in neutral zone.
6:14 of 3rd period - Slapshot by Matt Donovan.
6:14 of 3rd period - Shot Misses the Net.
6:22 of 3rd period - Cade Fairchild is hit by Sergei Plotnikov and loses puck.
6:33 of 3rd period - Chris Neil is hit by Steven Zalewski and loses puck.
7:42 of 3rd period - Backhand shot by Steven Zalewski.
7:42 of 3rd period - Shot Misses the Net.
7:44 of 3rd period - Snap shot by Jacob Lagacé.
7:44 of 3rd period - Shot Misses the Net.
7:46 of 3rd period - Slapshot by Keaton Ellerby.
7:46 of 3rd period - Shot Blocked by Michael Del Zotto.
8:21 of 3rd period - Sven Baertschi is hit by Dan Bertram and loses puck.
8:33 of 3rd period - Wrist shot by Steven Zalewski.
8:33 of 3rd period - Deflect By Maxime Macenauer.
8:33 of 3rd period - Stopped by Anders Lindback with a rebound.
8:38 of 3rd period - Icing by Matt Beleskey.
8:39 of 3rd period - Patrice Cormier wins face-off versus Maxime Macenauer in Mulligans zone.
8:40 of 3rd period - Wrist shot by Igor Makarov.
8:40 of 3rd period - Stopped by Anders Lindback without a rebound.
8:41 of 3rd period - Anton Lander wins face-off versus Patrice Cormier in Mulligans zone.
9:19 of 3rd period - Steven Zalewski is hit by Drayson Bowman and loses puck.
9:50 of 3rd period - Slapshot by Patrice Cormier.
9:50 of 3rd period - Shot Misses the Net.
10:23 of 3rd period - Off-side.
10:24 of 3rd period - Steven Zalewski wins face-off versus Nick Bonino in neutral zone.
10:29 of 3rd period - Drayson Bowman is hit by Jacob Lagacé and loses puck.
10:40 of 3rd period - Wrist shot by Steven Zalewski.
10:40 of 3rd period - Stopped by Anders Lindback without a rebound.
10:41 of 3rd period - Anton Lander wins face-off versus Patrice Cormier in Mulligans zone.
11:12 of 3rd period - Off-side.
11:13 of 3rd period - Nick Bonino wins face-off versus Sergei Plotnikov in neutral zone.
11:22 of 3rd period - Snap shot by Nick Bonino.
11:22 of 3rd period - Shot Misses the Net.
11:24 of 3rd period - Slapshot by Michael Del Zotto.
11:24 of 3rd period - Shot Blocked by Sergei Plotnikov.
11:46 of 3rd period - Slapshot by Jordan Szwarz.
11:46 of 3rd period - Shot Misses the Net.
11:48 of 3rd period - Wrist shot by Jordan Szwarz.
11:48 of 3rd period - Shot Misses the Net.
12:08 of 3rd period - Snap shot by Matt Taormina.
12:08 of 3rd period - Deflect By Dan Bertram.
12:08 of 3rd period - Stopped by Matt Hackett without a rebound.
12:09 of 3rd period - Patrice Cormier wins face-off versus Maxime Macenauer in Blackdemons zone.
12:09 of 3rd period - Patrice Cormier is hit by Matt Niskanen.
12:31 of 3rd period - Minor Penalty to Thomas Hickey for Goalie Interference.
12:32 of 3rd period - Patrice Cormier wins face-off versus Maxime Macenauer in Mulligans zone.
14:31 of 3rd period - Penalty to Thomas Hickey is over, Thomas Hickey is back on ice.
14:37 of 3rd period - Snap shot by Tim Schaller.
14:37 of 3rd period - Shot Misses the Net.
14:45 of 3rd period - Snap shot by Tim Schaller.
14:45 of 3rd period - Deflect By Sven Baertschi.
14:45 of 3rd period - Goal by Sven Baertschi - Mulligans : 6 - Blackdemons : 2.
14:46 of 3rd period - Ben Maxwell wins face-off versus Eric Tangradi in neutral zone.
14:49 of 3rd period - Thomas Hickey is hit by Dan Bertram and loses puck.
15:19 of 3rd period - Snap shot by Igor Makarov.
15:19 of 3rd period - Stopped by Anders Lindback without a rebound.
15:20 of 3rd period - Nick Bonino wins face-off versus Patrice Cormier in Mulligans zone.
16:19 of 3rd period - Slapshot by Jonathan Tremblay.
16:19 of 3rd period - Shot Misses the Net.
16:54 of 3rd period - Chris Neil is hit by Patrice Cormier and loses puck.
17:37 of 3rd period - Snap shot by Matt Niskanen.
17:37 of 3rd period - Stopped by Matt Hackett with a rebound.
17:39 of 3rd period - Slapshot by Thomas Hickey.
17:39 of 3rd period - Stopped by Matt Hackett with a rebound.
18:05 of 3rd period - Slapshot by Steve Oleksy.
18:05 of 3rd period - Shot Misses the Net.
18:59 of 3rd period - Snap shot by Logan Shaw.
18:59 of 3rd period - Stopped by Matt Hackett with a rebound.
19:12 of 3rd period - Slapshot by Tim Schaller.
19:12 of 3rd period - Stopped by Matt Hackett without a rebound.
19:13 of 3rd period - Anton Lander wins face-off versus Steven Zalewski in Blackdemons zone.
19:40 of 3rd period - Wrist shot by Ben Maxwell.
19:40 of 3rd period - Shot Misses the Net.
19:42 of 3rd period - Wrist shot by Steve Oleksy.
19:42 of 3rd period - Stopped by Anders Lindback with a rebound.
19:44 of 3rd period - Slapshot by Scott Wilson.
19:44 of 3rd period - Goal by Scott Wilson - Mulligans : 6 - Blackdemons : 3.
19:45 of 3rd period - Patrice Cormier wins face-off versus Nick Bonino in neutral zone.
Goals for this period are 2 for Mulligans vs 1 for Blackdemons.
Shots for this period are 10 for Mulligans vs 6 for Blackdemons.